[ AOE2 MATCH · #475874148 ]
UnrankedSpanish vs Mongols
[ REPLAY ANALYSIS · EXTRACTED FROM THE RECORDED GAME ]
Feudal
11:22
Castle
15:42
Imperial
—
| APM avg | 49.8 |
| APM peak | 78 |
| eAPM avg | 24.7 |
| Villagers / military | 79 / 28 |
Focus
⚔️ 40.8% · 🌾 59.2%
Conquistador ×23 · Missionary ×4 · Mangonel ×1
Feudal
8:51
Castle
25:29
Imperial
—
| APM avg | 61.1 |
| APM peak | 201 |
| eAPM avg | 24.4 |
| Villagers / military | 68 / 79 |
Focus
⚔️ 43.3% · 🌾 56.7%
Archer ×62 · Unknown (37) ×49 · Scout Cavalry ×13 · Spearman ×4
Feudal
8:58
Castle
25:22
Imperial
—
| APM avg | 45.6 |
| APM peak | 85 |
| eAPM avg | 20.0 |
| Villagers / military | 57 / 50 |
Focus
⚔️ 23.5% · 🌾 76.5%
Knight ×23 · Scout Cavalry ×23 · Spearman ×4
Feudal
8:01
Castle
23:35
Imperial
—
| APM avg | 34.0 |
| APM peak | 59 |
| eAPM avg | 18.1 |
| Villagers / military | 80 / 68 |
Focus
⚔️ 39.1% · 🌾 60.9%
Steppe Lancer ×51 · Scout Cavalry ×12 · Spearman ×4 · Camel Scout ×1
Match map
Initial resources + every placement click. Lines = walls · curves = elevation contours. ◆ gold · ⬟ stone · ● berries · ✦ relic · ◌ wall gap
Your base· Open — 7t gap
nobezinhodoage's base· Open — unwalled flank
Viúva Negra's base· Open — unwalled flank
VITAL's base· ✓ Closed at 23:35 · 38t walls · 2 gate(s)
Smoothed initial terrain · ◌ = detected wall gap · hover for details
Inputs per minute
— IAmSoFuckingToxic - - nobezinhodoage
Build order — IAmSoFuckingToxic
First 150 of 195 actions detected
| 0:00 | Create | Villager (Male) |
| 0:01 | Create | Villager (Male) |
| 0:02 | Build | House |
| 0:03 | Build | House |
| 0:03 | Create | Villager (Male) |
| 0:03 | Create | Villager (Male) |
| 1:25 | Create | Villager (Male) |
| 1:53 | Create | Villager (Male) |
| 2:00 | Build | Lumber Camp |
| 2:17 | Create | Villager (Male) |
| 2:47 | Create | Villager (Male) |
| 3:08 | Build | House |
| 3:09 | Build | House |
| 3:22 | Create | Villager (Male) |
| 3:22 | Create | Villager (Male) |
| 3:57 | Build | Mill |
| 4:01 | Create | Villager (Male) |
| 4:24 | Create | Villager (Male) |
| 4:52 | Build | Palisade Wall |
| 4:53 | Build | Palisade Wall |
| 4:58 | Create | Villager (Male) |
| 5:01 | Create | Villager (Male) |
| 5:31 | Create | Villager (Male) |
| 5:55 | Create | Villager (Male) |
| 6:02 | Create | Villager (Male) |
| 6:06 | Create | Villager (Male) |
| 6:30 | Create | Villager (Male) |
| 7:17 | Create | Villager (Male) |
| 7:18 | Create | Villager (Male) |
| 7:18 | Create | Villager (Male) |
| 7:26 | Build | Palisade Wall |
| 7:35 | Build | Palisade Wall |
| 7:39 | Build | Palisade Wall |
| 7:40 | Build | Palisade Wall |
| 7:49 | Build | Mining Camp |
| 7:54 | Research | Loom |
| 8:38 | Build | Mining Camp |
| 8:49 | Research | Feudal Age |
| 9:12 | Build | Palisade Wall |
| 9:14 | Build | Palisade Wall |
| 9:15 | Build | Palisade Wall |
| 9:16 | Build | Palisade Wall |
| 9:41 | Build | Palisade Wall |
| 9:52 | Build | Palisade Wall |
| 9:57 | Build | Palisade Wall |
| 10:06 | Build | Palisade Wall |
| 11:05 | Create | Villager (Male) |
| 11:22 | Age | Feudal Age |
| 11:24 | Build | Market |
| 11:25 | Build | Blacksmith |
| 11:33 | Create | Villager (Male) |
| 11:56 | Create | Villager (Male) |
| 12:21 | Create | Villager (Male) |
| 12:34 | Create | Villager (Male) |
| 12:50 | Create | Villager (Male) |
| 12:55 | Research | Castle Age |
| 13:56 | Create | Villager (Male) |
| 14:49 | Create | Villager (Male) |
| 14:58 | Build | Mining Camp |
| 15:13 | Build | Farm |
| 15:14 | Build | Farm |
| 15:15 | Build | Farm |
| 15:16 | Build | Farm |
| 15:17 | Build | Farm |
| 15:17 | Build | Farm |
| 15:22 | Build | Farm |
| 15:33 | Build | Farm |
| 15:36 | Research | Double-Bit Axe |
| 15:42 | Age | Castle Age |
| 16:06 | Create | Villager (Male) |
| 16:44 | Build | Castle |
| 16:53 | Create | Villager (Male) |
| 16:54 | Create | Villager (Male) |
| 16:58 | Build | Farm |
| 16:58 | Build | Farm |
| 17:00 | Research | Horse Collar |
| 17:03 | Create | Villager (Male) |
| 17:19 | Build | House |
| 17:22 | Build | House |
| 17:41 | Create | Conquistador |
| 17:41 | Create | Conquistador |
| 17:43 | Research | Fletching |
| 17:48 | Create | Conquistador |
| 17:57 | Create | Villager (Male) |
| 18:13 | Build | Farm |
| 18:13 | Build | Farm |
| 18:13 | Build | Farm |
| 18:14 | Build | Farm |
| 18:15 | Create | Conquistador |
| 18:28 | Create | Villager (Male) |
| 18:40 | Create | Conquistador |
| 18:49 | Build | Farm |
| 18:49 | Build | Farm |
| 18:50 | Build | Farm |
| 18:51 | Create | Villager (Male) |
| 19:00 | Build | Farm |
| 19:29 | Create | Villager (Male) |
| 19:29 | Create | Villager (Male) |
| 19:31 | Build | Farm |
| 19:31 | Build | Farm |
| 19:32 | Build | Farm |
| 19:35 | Build | House |
| 19:52 | Create | Conquistador |
| 19:58 | Create | Conquistador |
| 20:04 | Build | Farm |
| 20:04 | Create | Villager (Male) |
| 20:32 | Create | Conquistador |
| 21:00 | Create | Conquistador |
| 21:12 | Create | Conquistador |
| 21:13 | Create | Villager (Male) |
| 21:32 | Create | Villager (Male) |
| 21:54 | Create | Conquistador |
| 22:15 | Create | Villager (Male) |
| 22:20 | Create | Conquistador |
| 22:29 | Create | Villager (Male) |
| 22:35 | Build | Siege Workshop |
| 22:38 | Create | Conquistador |
| 23:15 | Create | Villager (Male) |
| 23:16 | Create | Villager (Male) |
| 23:22 | Build | Farm |
| 23:22 | Build | Farm |
| 23:23 | Build | Farm |
| 23:51 | Create | Conquistador |
| 23:57 | Create | Conquistador |
| 24:13 | Create | Conquistador |
| 24:15 | Create | Villager (Male) |
| 24:15 | Create | Villager (Male) |
| 24:16 | Create | Villager (Male) |
| 24:27 | Build | Castle |
| 24:31 | Create | Villager (Male) |
| 24:33 | Build | House |
| 24:34 | Build | House |
| 24:50 | Build | House |
| 25:12 | Create | Villager (Male) |
| 25:39 | Create | Villager (Male) |
| 25:57 | Build | Mining Camp |
| 25:58 | Create | Villager (Male) |
| 26:22 | Create | Villager (Male) |
| 26:43 | Create | Villager (Male) |
| 26:44 | Create | Villager (Male) |
| 26:48 | Build | Lumber Camp |
| 26:52 | Create | Villager (Male) |
| 27:06 | Build | Town Center |
| 27:37 | Create | Villager (Male) |
| 27:39 | Create | Villager (Male) |
| 27:54 | Build | Monastery |
| 28:00 | Research | Padded Archer Armor |
| 28:01 | Create | Villager (Male) |
| 28:05 | Create | Villager (Male) |
| 28:05 | Create | Villager (Male) |
Build order — nobezinhodoage
First 150 of 291 actions detected
| 0:00 | Create | Villager (Male) |
| 0:01 | Create | Villager (Male) |
| 0:02 | Build | House |
| 0:04 | Build | House |
| 0:17 | Create | Villager (Male) |
| 0:17 | Create | Villager (Male) |
| 0:17 | Create | Villager (Male) |
| 1:35 | Create | Villager (Male) |
| 1:40 | Create | Villager (Male) |
| 1:41 | Create | Villager (Male) |
| 2:10 | Build | Lumber Camp |
| 2:31 | Create | Villager (Male) |
| 2:57 | Create | Villager (Male) |
| 2:57 | Create | Villager (Male) |
| 3:08 | Create | Villager (Male) |
| 3:09 | Create | Villager (Male) |
| 3:14 | Create | Villager (Male) |
| 3:26 | Build | House |
| 3:29 | Build | Palisade Wall |
| 3:31 | Build | Palisade Wall |
| 3:31 | Build | Palisade Wall |
| 3:59 | Build | House |
| 4:17 | Create | Villager (Male) |
| 4:18 | Create | Villager (Male) |
| 4:49 | Create | Villager (Male) |
| 5:05 | Build | Mill |
| 5:51 | Research | Loom |
| 6:27 | Research | Feudal Age |
| 7:14 | Build | Barracks |
| 8:51 | Age | Feudal Age |
| 8:51 | Create | Unit 37 |
| 8:51 | Create | Unit 37 |
| 8:51 | Create | Unit 37 |
| 8:52 | Create | Villager (Male) |
| 8:52 | Create | Unit 37 |
| 8:52 | Create | Unit 37 |
| 8:52 | Create | Villager (Male) |
| 8:52 | Create | Villager (Male) |
| 9:05 | Build | Stable |
| 9:11 | Build | House |
| 9:55 | Create | Scout Cavalry |
| 9:55 | Create | Scout Cavalry |
| 10:05 | Create | Villager (Male) |
| 10:06 | Create | Villager (Male) |
| 10:06 | Create | Unit 37 |
| 10:17 | Build | House |
| 10:19 | Create | Scout Cavalry |
| 10:31 | Build | House |
| 10:34 | Build | House |
| 10:36 | Build | Palisade Wall |
| 10:38 | Research | Double-Bit Axe |
| 10:41 | Build | House |
| 10:46 | Build | Palisade Wall |
| 10:52 | Build | Palisade Wall |
| 10:54 | Build | Palisade Gate |
| 10:56 | Create | Unit 37 |
| 10:56 | Create | Villager (Male) |
| 10:56 | Create | Villager (Male) |
| 10:56 | Create | Unit 37 |
| 11:29 | Build | Watch Tower |
| 11:45 | Create | Unit 37 |
| 11:46 | Create | Villager (Male) |
| 11:46 | Create | Unit 37 |
| 11:46 | Create | Unit 37 |
| 11:46 | Create | Villager (Male) |
| 12:00 | Create | Scout Cavalry |
| 12:08 | Build | Palisade Wall |
| 12:11 | Build | Palisade Wall |
| 12:13 | Build | Palisade Wall |
| 12:30 | Create | Scout Cavalry |
| 12:30 | Create | Scout Cavalry |
| 12:35 | Create | Villager (Male) |
| 12:36 | Create | Villager (Male) |
| 12:59 | Build | Palisade Wall |
| 13:00 | Create | Villager (Male) |
| 13:00 | Create | Unit 37 |
| 13:01 | Build | Palisade Wall |
| 13:15 | Build | Palisade Wall |
| 13:16 | Build | Palisade Wall |
| 13:19 | Build | Palisade Wall |
| 13:20 | Build | Palisade Wall |
| 13:25 | Create | Unit 37 |
| 13:26 | Create | Unit 37 |
| 13:26 | Create | Villager (Male) |
| 13:26 | Create | Unit 37 |
| 13:26 | Create | Unit 37 |
| 13:26 | Create | Unit 37 |
| 13:26 | Create | Unit 37 |
| 13:26 | Create | Unit 37 |
| 13:26 | Create | Villager (Male) |
| 13:37 | Build | Farm |
| 13:40 | Build | Farm |
| 13:41 | Build | Farm |
| 13:43 | Build | Farm |
| 13:44 | Build | Farm |
| 13:52 | Build | Palisade Wall |
| 13:56 | Create | Villager (Male) |
| 14:05 | Build | Mining Camp |
| 14:41 | Create | Villager (Male) |
| 14:41 | Create | Unit 37 |
| 14:41 | Create | Villager (Male) |
| 14:41 | Create | Unit 37 |
| 14:41 | Create | Unit 37 |
| 14:41 | Create | Villager (Male) |
| 15:02 | Build | House |
| 15:06 | Build | Farm |
| 15:09 | Build | Farm |
| 15:10 | Build | Farm |
| 15:11 | Build | Farm |
| 15:12 | Build | Farm |
| 15:13 | Build | Farm |
| 15:14 | Build | Farm |
| 15:16 | Build | Farm |
| 15:54 | Create | Scout Cavalry |
| 15:54 | Create | Scout Cavalry |
| 15:55 | Create | Unit 37 |
| 15:56 | Create | Villager (Male) |
| 15:56 | Create | Villager (Male) |
| 15:56 | Create | Scout Cavalry |
| 15:56 | Create | Scout Cavalry |
| 15:58 | Create | Spearman |
| 15:58 | Create | Spearman |
| 16:11 | Build | Farm |
| 16:12 | Build | Farm |
| 16:31 | Build | Watch Tower |
| 16:38 | Create | Scout Cavalry |
| 16:43 | Create | Spearman |
| 16:43 | Create | Spearman |
| 16:46 | Create | Villager (Male) |
| 16:46 | Create | Unit 37 |
| 17:11 | Create | Unit 37 |
| 17:11 | Create | Villager (Male) |
| 17:11 | Create | Unit 37 |
| 17:11 | Create | Unit 37 |
| 17:36 | Create | Unit 37 |
| 17:36 | Create | Unit 37 |
| 17:36 | Create | Unit 37 |
| 17:36 | Create | Villager (Male) |
| 17:36 | Create | Unit 37 |
| 17:37 | Create | Villager (Male) |
| 18:05 | Create | Villager (Male) |
| 18:11 | Research | Wheelbarrow |
| 18:34 | Build | Watch Tower |
| 18:45 | Build | Palisade Wall |
| 18:46 | Build | Palisade Wall |
| 18:47 | Build | Palisade Wall |
| 19:21 | Build | Watch Tower |
| 19:32 | Build | Blacksmith |
| 20:07 | Create | Unit 37 |
| 20:08 | Create | Villager (Male) |
Build order — Viúva Negra
First 150 of 155 actions detected
| 0:01 | Create | Villager (Male) |
| 0:01 | Create | Villager (Male) |
| 0:01 | Create | Villager (Male) |
| 0:02 | Create | Villager (Male) |
| 1:19 | Create | Villager (Male) |
| 1:19 | Create | Villager (Male) |
| 1:50 | Create | Villager (Male) |
| 2:12 | Build | Lumber Camp |
| 2:25 | Create | Villager (Male) |
| 2:25 | Create | Villager (Male) |
| 2:25 | Create | Villager (Male) |
| 2:25 | Create | Villager (Male) |
| 2:38 | Create | Villager (Male) |
| 2:39 | Create | Villager (Male) |
| 2:39 | Create | Villager (Male) |
| 2:39 | Create | Villager (Male) |
| 2:39 | Create | Villager (Male) |
| 3:09 | Create | Villager (Male) |
| 3:09 | Create | Villager (Male) |
| 3:09 | Create | Villager (Male) |
| 3:30 | Create | Villager (Male) |
| 3:30 | Create | Villager (Male) |
| 3:30 | Create | Villager (Male) |
| 3:31 | Create | Villager (Male) |
| 4:15 | Create | Villager (Male) |
| 4:22 | Create | Villager (Male) |
| 4:23 | Create | Villager (Male) |
| 4:59 | Create | Villager (Male) |
| 5:13 | Build | Mill |
| 5:21 | Create | Villager (Male) |
| 5:47 | Research | Loom |
| 6:48 | Research | Feudal Age |
| 6:48 | Research | Feudal Age |
| 8:04 | Build | Barracks |
| 8:06 | Create | Villager (Male) |
| 8:53 | Create | Villager (Male) |
| 8:58 | Age | Feudal Age |
| 9:07 | Build | Stable |
| 9:11 | Create | Villager (Male) |
| 9:39 | Build | Farm |
| 9:44 | Create | Scout Cavalry |
| 9:44 | Create | Scout Cavalry |
| 9:44 | Create | Scout Cavalry |
| 9:50 | Create | Villager (Male) |
| 10:06 | Build | Farm |
| 10:11 | Create | Scout Cavalry |
| 10:24 | Create | Villager (Male) |
| 10:27 | Build | Farm |
| 10:40 | Create | Scout Cavalry |
| 10:48 | Create | Villager (Male) |
| 11:06 | Create | Villager (Male) |
| 11:07 | Build | Farm |
| 11:16 | Create | Spearman |
| 11:51 | Create | Villager (Male) |
| 11:53 | Build | Farm |
| 11:54 | Create | Scout Cavalry |
| 11:55 | Create | Scout Cavalry |
| 11:55 | Create | Scout Cavalry |
| 12:20 | Create | Villager (Male) |
| 12:22 | Create | Scout Cavalry |
| 12:22 | Create | Scout Cavalry |
| 12:22 | Create | Scout Cavalry |
| 12:24 | Build | Farm |
| 12:26 | Build | Farm |
| 12:27 | Build | Farm |
| 13:10 | Build | Farm |
| 13:13 | Build | Lumber Camp |
| 13:14 | Create | Villager (Male) |
| 13:25 | Build | Farm |
| 13:31 | Create | Scout Cavalry |
| 13:31 | Create | Scout Cavalry |
| 13:32 | Build | Farm |
| 14:13 | Build | Farm |
| 14:16 | Build | Farm |
| 14:17 | Create | Scout Cavalry |
| 14:17 | Create | Scout Cavalry |
| 14:17 | Create | Scout Cavalry |
| 14:17 | Create | Scout Cavalry |
| 14:23 | Create | Villager (Male) |
| 14:23 | Create | Villager (Male) |
| 15:00 | Create | Villager (Male) |
| 15:03 | Build | Farm |
| 15:05 | Build | Farm |
| 15:06 | Create | Villager (Male) |
| 15:06 | Create | Villager (Male) |
| 15:38 | Build | Farm |
| 15:40 | Create | Scout Cavalry |
| 15:40 | Create | Scout Cavalry |
| 16:28 | Create | Villager (Male) |
| 16:30 | Create | Scout Cavalry |
| 16:30 | Create | Scout Cavalry |
| 16:30 | Create | Scout Cavalry |
| 16:30 | Create | Scout Cavalry |
| 16:36 | Build | Farm |
| 16:46 | Create | Villager (Male) |
| 16:48 | Build | Farm |
| 17:25 | Build | Mining Camp |
| 17:26 | Create | Villager (Male) |
| 17:27 | Create | Villager (Male) |
| 17:29 | Build | Mining Camp |
| 17:38 | Build | Watch Tower |
| 17:43 | Build | Market |
| 17:44 | Create | Villager (Male) |
| 17:56 | Build | Farm |
| 18:28 | Create | Villager (Male) |
| 18:51 | Build | Farm |
| 18:52 | Create | Villager (Male) |
| 18:59 | Create | Villager (Male) |
| 19:28 | Build | Watch Tower |
| 19:29 | Create | Villager (Male) |
| 20:43 | Create | Villager (Male) |
| 20:45 | Build | Farm |
| 20:46 | Build | Farm |
| 20:46 | Create | Villager (Male) |
| 21:52 | Build | Farm |
| 22:24 | Create | Spearman |
| 22:24 | Create | Spearman |
| 22:30 | Create | Spearman |
| 22:42 | Research | Castle Age |
| 22:57 | Build | Watch Tower |
| 24:10 | Create | Villager (Male) |
| 25:21 | Build | Farm |
| 25:22 | Age | Castle Age |
| 25:25 | Create | Knight |
| 25:25 | Create | Knight |
| 25:25 | Create | Knight |
| 25:26 | Create | Knight |
| 25:26 | Create | Knight |
| 25:44 | Build | Lumber Camp |
| 26:56 | Create | Knight |
| 26:57 | Create | Knight |
| 26:57 | Create | Knight |
| 26:57 | Create | Knight |
| 26:57 | Create | Knight |
| 27:36 | Create | Knight |
| 28:10 | Create | Villager (Male) |
| 28:30 | Research | Bloodlines |
| 30:28 | Create | Villager (Male) |
| 30:34 | Create | Knight |
| 30:34 | Create | Knight |
| 30:35 | Create | Knight |
| 30:35 | Create | Knight |
| 30:54 | Build | Farm |
| 30:55 | Build | Farm |
| 30:56 | Build | Farm |
| 30:58 | Build | Farm |
| 30:59 | Build | Farm |
| 31:37 | Create | Knight |
| 31:38 | Create | Knight |
| 31:38 | Create | Knight |
Build order — VITAL
First 150 of 234 actions detected
| 0:01 | Create | Villager (Male) ×4 |
| 0:02 | Build | House |
| 0:03 | Build | House |
| 1:32 | Create | Villager (Male) |
| 1:32 | Create | Villager (Male) |
| 1:59 | Create | Villager (Male) |
| 2:00 | Create | Villager (Male) |
| 2:06 | Create | Villager (Male) |
| 2:25 | Create | Villager (Male) |
| 2:25 | Create | Villager (Male) |
| 2:33 | Create | Villager (Male) |
| 2:37 | Build | Lumber Camp |
| 3:06 | Create | Villager (Male) |
| 3:07 | Create | Villager (Male) |
| 3:07 | Create | Villager (Male) |
| 4:05 | Create | Villager (Male) |
| 4:13 | Build | Mill |
| 4:26 | Create | Villager (Male) ×5 |
| 4:36 | Create | Villager (Male) |
| 4:40 | Create | Villager (Male) |
| 4:40 | Research | Loom |
| 5:40 | Research | Feudal Age |
| 7:01 | Build | Barracks |
| 7:03 | Build | House |
| 7:20 | Create | Villager (Male) |
| 7:20 | Create | Villager (Male) |
| 7:20 | Create | Villager (Male) |
| 8:01 | Age | Feudal Age |
| 8:03 | Build | Stable |
| 8:04 | Build | Palisade Wall |
| 8:55 | Create | Villager (Male) |
| 9:10 | Create | Scout Cavalry |
| 9:10 | Create | Scout Cavalry |
| 9:10 | Create | Scout Cavalry |
| 9:14 | Research | Double-Bit Axe |
| 9:32 | Build | House |
| 9:33 | Build | Palisade Wall |
| 9:38 | Create | Villager (Male) |
| 9:46 | Create | Scout Cavalry |
| 9:59 | Build | Palisade Wall |
| 10:05 | Create | Villager (Male) |
| 10:15 | Build | House |
| 10:16 | Build | Palisade Wall |
| 10:17 | Build | Palisade Wall |
| 10:18 | Build | Palisade Wall |
| 10:21 | Build | Palisade Wall |
| 10:23 | Create | Villager (Male) |
| 10:40 | Create | Villager (Male) |
| 10:49 | Build | House |
| 10:50 | Build | Palisade Wall |
| 10:53 | Build | Palisade Wall |
| 10:54 | Build | Palisade Wall |
| 10:56 | Create | Villager (Male) |
| 11:08 | Create | Scout Cavalry |
| 11:31 | Create | Scout Cavalry |
| 11:57 | Create | Spearman |
| 11:57 | Create | Spearman |
| 12:23 | Create | Villager (Male) |
| 12:23 | Create | Villager (Male) |
| 12:55 | Create | Villager (Male) |
| 12:57 | Create | Scout Cavalry |
| 12:57 | Create | Scout Cavalry |
| 13:14 | Create | Scout Cavalry |
| 13:18 | Build | Farm |
| 13:20 | Build | Farm |
| 13:42 | Build | Palisade Wall |
| 13:48 | Create | Villager (Male) |
| 13:49 | Create | Villager (Male) |
| 13:52 | Build | Farm |
| 14:09 | Create | Villager (Male) |
| 14:13 | Build | Mining Camp |
| 14:23 | Build | Market |
| 14:36 | Create | Villager (Male) |
| 14:55 | Create | Villager (Male) |
| 14:56 | Create | Scout Cavalry |
| 14:56 | Create | Scout Cavalry |
| 14:58 | Build | Farm |
| 14:58 | Build | Farm |
| 14:58 | Build | Farm |
| 14:59 | Build | Farm |
| 14:59 | Build | Farm |
| 14:59 | Build | Farm |
| 15:17 | Create | Scout Cavalry |
| 15:38 | Build | Lumber Camp |
| 16:14 | Create | Villager (Male) |
| 16:35 | Create | Villager (Male) |
| 16:41 | Build | Farm |
| 16:42 | Build | Farm |
| 16:43 | Build | Farm |
| 16:44 | Build | Farm |
| 16:55 | Create | Villager (Male) |
| 17:06 | Build | Farm |
| 17:25 | Build | Farm |
| 17:26 | Create | Villager (Male) |
| 17:38 | Build | Mining Camp |
| 17:45 | Create | Villager (Male) |
| 17:47 | Build | Farm |
| 17:50 | Build | Farm |
| 18:03 | Build | Farm |
| 18:04 | Create | Villager (Male) |
| 18:14 | Build | Stone Wall |
| 18:22 | Build | House |
| 18:24 | Build | House |
| 18:25 | Build | Palisade Wall |
| 18:31 | Create | Villager (Male) |
| 18:33 | Build | Farm |
| 18:34 | Build | House |
| 18:36 | Build | Gate |
| 18:46 | Build | House |
| 18:49 | Build | Stone Wall |
| 18:56 | Build | Farm |
| 18:59 | Build | Stone Wall |
| 19:00 | Build | Stone Wall |
| 19:29 | Build | Stone Wall |
| 19:32 | Create | Villager (Male) |
| 19:32 | Create | Villager (Male) |
| 19:37 | Build | Farm |
| 19:43 | Build | Farm |
| 20:11 | Create | Villager (Male) |
| 20:23 | Build | Palisade Gate |
| 20:29 | Create | Spearman |
| 20:35 | Build | House |
| 20:37 | Build | Stone Wall |
| 20:55 | Research | Castle Age |
| 20:55 | Research | Castle Age |
| 21:32 | Build | Stable |
| 21:39 | Research | Bloodlines |
| 21:47 | Build | Blacksmith |
| 21:54 | Research | Wheelbarrow |
| 22:27 | Research | Scale Barding Armor |
| 22:27 | Research | Forging |
| 22:34 | Research | Horse Collar |
| 22:47 | Research | Forging |
| 22:59 | Create | Spearman |
| 23:35 | Age | Castle Age |
| 23:36 | Create | Steppe Lancer |
| 23:36 | Create | Steppe Lancer |
| 23:36 | Create | Steppe Lancer |
| 23:44 | Build | Stable |
| 24:02 | Create | Steppe Lancer |
| 24:02 | Create | Steppe Lancer |
| 24:03 | Create | Steppe Lancer |
| 24:03 | Create | Steppe Lancer |
| 24:15 | Create | Steppe Lancer |
| 24:15 | Create | Steppe Lancer |
| 24:20 | Create | Villager (Male) |
| 24:20 | Create | Villager (Male) |
| 24:34 | Create | Steppe Lancer |
| 24:34 | Create | Camel Scout |
| 24:34 | Create | Steppe Lancer |
Match timeline
| 3:29 | nobezinhodoage · wall_segment Palisade Wall x1 |
| 3:31 | nobezinhodoage · wall_segment Palisade Wall x1 |
| 3:31 | nobezinhodoage · wall_segment Palisade Wall x1 |
| 4:52 | IAmSoFuckingToxic · wall_segment Palisade Wall x1 |
| 4:53 | IAmSoFuckingToxic · wall_segment Palisade Wall x5 |
| 7:01 | VITAL · first_building Barracks |
| 7:14 | nobezinhodoage · first_building Barracks |
| 7:26 | IAmSoFuckingToxic · wall_segment Palisade Wall x5 |
| 7:35 | IAmSoFuckingToxic · wall_segment Palisade Wall x1 |
| 7:39 | IAmSoFuckingToxic · wall_segment Palisade Wall x3 |
| 7:40 | IAmSoFuckingToxic · wall_segment Palisade Wall x1 |
| 8:01 | VITAL · age_up feudal |
| 8:03 | VITAL · first_building Stable |
| 8:04 | Viúva Negra · first_building Barracks |
| 8:04 | VITAL · wall_segment Palisade Wall x1 |
| 8:51 | nobezinhodoage · age_up feudal |
| 8:58 | Viúva Negra · age_up feudal |
| 9:05 | nobezinhodoage · first_building Stable |
| 9:07 | Viúva Negra · first_building Stable |
| 9:12 | IAmSoFuckingToxic · wall_segment Palisade Wall x1 |
| 9:14 | IAmSoFuckingToxic · wall_segment Palisade Wall x2 |
| 9:15 | IAmSoFuckingToxic · wall_segment Palisade Wall x1 |
| 9:16 | IAmSoFuckingToxic · wall_segment Palisade Wall x1 |
| 9:33 | VITAL · wall_segment Palisade Wall x8 |
| 9:41 | IAmSoFuckingToxic · wall_segment Palisade Wall x1 |
| 9:52 | IAmSoFuckingToxic · wall_segment Palisade Wall x1 |
| 9:57 | IAmSoFuckingToxic · wall_segment Palisade Wall x1 |
| 9:59 | VITAL · wall_segment Palisade Wall x4 |
| 10:06 | IAmSoFuckingToxic · wall_segment Palisade Wall x1 |
| 10:16 | VITAL · wall_segment Palisade Wall x1 |
| 10:17 | VITAL · wall_segment Palisade Wall x4 |
| 10:18 | VITAL · wall_segment Palisade Wall x3 |
| 10:21 | VITAL · wall_segment Palisade Wall x1 |
| 10:36 | nobezinhodoage · wall_segment Palisade Wall x1 |
| 10:46 | nobezinhodoage · wall_segment Palisade Wall x2 |
| 10:50 | VITAL · wall_segment Palisade Wall x2 |
| 10:52 | nobezinhodoage · wall_segment Palisade Wall x10 |
| 10:53 | VITAL · wall_segment Palisade Wall x1 |
| 10:54 | VITAL · wall_segment Palisade Wall x7 |
| 11:22 | IAmSoFuckingToxic · age_up feudal |
| 12:08 | nobezinhodoage · wall_segment Palisade Wall x1 |
| 12:11 | nobezinhodoage · wall_segment Palisade Wall x1 |
| 12:13 | nobezinhodoage · wall_segment Palisade Wall x1 |
| 12:59 | nobezinhodoage · wall_segment Palisade Wall x1 |
| 13:01 | nobezinhodoage · wall_segment Palisade Wall x2 |
| 13:15 | nobezinhodoage · wall_segment Palisade Wall x1 |
| 13:16 | nobezinhodoage · wall_segment Palisade Wall x1 |
| 13:19 | nobezinhodoage · wall_segment Palisade Wall x1 |
| 13:20 | nobezinhodoage · wall_segment Palisade Wall x1 |
| 13:42 | VITAL · wall_segment Palisade Wall x1 |
| 13:52 | nobezinhodoage · wall_segment Palisade Wall x1 |
| 15:42 | IAmSoFuckingToxic · age_up castle |
| 15:51 | VITAL · tribute_sent a jugador 1 |
| 15:51 | VITAL · tribute_sent a jugador 2 |
| 15:51 | VITAL · tribute_sent a jugador 3 |
| 16:44 | IAmSoFuckingToxic · first_building Castle |
| 18:14 | VITAL · wall_segment Stone Wall x1 |
| 18:25 | VITAL · wall_segment Palisade Wall x1 |
| 18:45 | nobezinhodoage · wall_segment Palisade Wall x1 |
| 18:46 | nobezinhodoage · wall_segment Palisade Wall x1 |
| 18:47 | nobezinhodoage · wall_segment Palisade Wall x1 |
| 18:49 | VITAL · wall_segment Stone Wall x1 |
| 18:59 | VITAL · wall_segment Stone Wall x1 |
| 19:00 | VITAL · wall_segment Stone Wall x1 |
| 19:29 | VITAL · wall_segment Stone Wall x1 |
| 20:37 | VITAL · wall_segment Stone Wall x1 |
| 20:49 | VITAL · first_market_buy 100 food |
| 20:49 | VITAL · first_market_sell 100 wood |
| 22:35 | IAmSoFuckingToxic · first_building Siege Workshop |
| 22:51 | Viúva Negra · first_market_sell 100 food |
| 22:54 | Viúva Negra · first_market_buy 100 stone |
| 23:01 | nobezinhodoage · first_building Archery Range |
| 23:35 | VITAL · age_up castle |
| 25:22 | Viúva Negra · age_up castle |
| 25:29 | nobezinhodoage · age_up castle |
| 26:55 | IAmSoFuckingToxic · first_market_buy 100 wood |
| 26:59 | IAmSoFuckingToxic · first_market_sell 100 food |
| 27:54 | IAmSoFuckingToxic · first_building Monastery |
| 30:41 | IAmSoFuckingToxic · first_building Barracks |
| 32:11 | VITAL · first_building Siege Workshop |
| 32:58 | Viúva Negra · resign |
[ AI ANALYSIS · 1 CREDIT ]
What really happened in this match?
Wolo.gg analyzes every decision: build order, eco, micro, common mistakes by bracket. Personalized analysis on WhatsApp or Discord in 30 seconds.
Civ guide
Spanish
Perfil
Jugador #17876376